 Dungeon Crawl Stone Soup version 0.18.1-6-gd335043 (webtiles) character file.

656 Implojin the Insei (level 7, -4/58 HPs)
             Began as a Mummy Monk on May 19, 2016.
             Shot with an arrow by a centaur (9 damage)
             ... on level 5 of the Dungeon.
             The game lasted 00:21:24 (9334 turns).

Implojin the Insei (Mummy Monk)                     Turns: 9334, Time: 00:21:25

Health: -4/58      AC:  4    Str: 14    XL:     7   Next: 29%
Magic:  7/7        EV: 13    Int:  9    God:
Gold:   245        SH:  0    Dex: 17    Spells: 0 memorised, 6 levels left

rFire  x . .     SeeInvis .       - Unarmed
rCold  + . .     Gourm    .     (no armour)
rNeg   + + +     Faith    .     (no shield)
rPois  ∞         Spirit   .     j - +1 helmet
rElec  .         Dismiss  .     c - +0 cloak
rCorr  .         Reflect  .     h - +0 pair of gloves
SustAt .         Harm     .     (no boots)
MR     .....                    (no amulet)
Stlth  ++........               (no ring)
                                (no ring)

@: not resistant to hostile enchantments, unstealthy
A: no food or potions, fire vulnerability, cold resistance 1, negative energy
resistance 3, torment resistance, unbreathing
a: no special abilities


You were on level 5 of the Dungeon.
You were not hungry.

You visited 1 branch of the dungeon, and saw 6 of its levels.

You collected 245 gold pieces.

Inventory:

Armour
 c - a +0 cloak (worn)
 h - a +0 pair of gloves (worn)
 j - a +1 helmet (worn)
Jewellery
 n - an uncursed amulet of dismissal {unknown}
 p - an uncursed ring of flight
Wands
 i - a wand of acid (11/15)
 m - a wand of paralysis (4/24)
Scrolls
 b - 5 scrolls of remove curse
 d - a scroll of random uselessness
 e - a scroll of immolation
 f - a scroll of magic mapping
 g - a scroll of fear
 k - 3 scrolls of enchant weapon (quivered)
 o - 2 scrolls of identify
Books
 l - an Akashic Record

   Spells                             Type                      Level
   a - Dispersal                      Translocation                6
   b - Malign Gateway                 Summoning/Translocation      7
   c - Disjunction                    Translocation                8
   d - Controlled Blink               Translocation                8
Comestibles
 a - 4 bread rations


   Skills:
 - Level 6.0 Fighting
 - Level 2.4 Dodging
 - Level 1.5 Stealth
 * Level 6.0 Unarmed Combat


You had 6 spell levels left.
You didn't know any spells.

Dungeon Overview and Level Annotations

Branches:
Dungeon (6/15)             Temple (0/1) D:5

Altars:
Cheibriados
Elyvilon
Makhleb
Nemelex Xobeh
Vehumet
The Shining One

Annotations:
D:2 exclusion: downstairs
D:3 exclusion: downstairs, chicagocrazy's ghost, amateur TrBe
D:5 exclusion: 2 downstairs
D:6 !battleaxe warrior + priest stairs, prince ribbit stairs, Prince Ribbit


Innate Abilities, Weirdness & Mutations

You do not eat or drink.
Your flesh is vulnerable to fire.
You are immune to poison.
Your flesh is cold resistant.
You are immune to negative energy.
You are immune to unholy pain and torment.
You can survive without breathing.


Message History

* * * LOW HITPOINT WARNING * * *
You hit the ice beast.
You kill the ice beast!
Your Fighting skill increases to level 6!
You start resting.
HP restored.
There is a stone staircase leading down here.
You climb downwards.
Level annotation: exclusion: 2 downstairs
There is a stone staircase leading up here.
You see here a leather armour.
The centaur is too close now for your liking.
What do you say? t - Shout!
Orders for allies: a - Attack new target. r - Retreat! s - Stop attacking. w - Wait here. f - Follow me.
Anything else - Stay silent.
You shout for attention!
You hear a shout!
The centaur wields an uncursed shortbow.
The centaur shoots an arrow.
The arrow hits you!
The centaur shoots an arrow.
The arrow hits you!!
* * * LOW HITPOINT WARNING * * *
You see here an arrow.
The centaur shoots an arrow.
The arrow hits you!
* * * LOW HITPOINT WARNING * * *
You see here an arrow.
The centaur shoots an arrow.
The arrow hits you.
* * * LOW HITPOINT WARNING * * *
You see here an arrow.
Read which item? (? for menu, Esc to quit)
Okay, then.
The centaur shoots an arrow.
The arrow hits you!
* * * LOW HITPOINT WARNING * * *
You see here an arrow.
Read which item? (? for menu, Esc to quit)
As you read the scroll of fear, it crumbles to dust.
You assume a fearsome visage.
The centaur resists with some effort.
The centaur shoots an arrow.
The arrow hits you!
You die...

.....##_# #.........#
......#.# #.........#
....#.#.#### #.........#
...........###.........#
....###.##..#..........#
................[.....##
.c...(.(.####..........#
.<..####c# ##....<...[<#
...(# #.# #....@......#
...## #.# #c#.........#
...# #.###.#.........#
##.# #.#...##.......##
##.# #(#c###.......##
##.# #.(.# #.#######
##.# ##..# #.# ##.#
####..###.# ##.#
#......#..###


You could see a centaur.

Vanquished Creatures
  An ice beast (D:4)
  A centaur (D:6)
  The ghost of Esekla the Vexing, a weakling DgEn (D:4)
  A giant frog zombie (D:5)
  A centaur skeleton (D:5)
  2 orc wizards (D:4)
  An iguana (D:6)
  9 gnolls
  8 adders
  An adder zombie (D:5)
  4 dart slugs
  7 worms
  A giant gecko (D:3)
  10 orcs
  7 bats
  2 giant cockroaches
  5 goblins
  8 hobgoblins
  11 jackals
  6 kobolds
  2 quokkas (D:2)
  5 ball pythons
  11 giant newts
  A jackal skeleton (D:4)
  9 rats
115 creatures vanquished.

Vanquished Creatures (others)
  An ogre (D:4)
  A quokka (D:4)
  4 toadstools (D:1)
6 creatures vanquished.

Grand Total: 121 creatures vanquished

Notes
Turn   | Place    | Note
--------------------------------------------------------------
     0 | D:1      | Implojin the Mummy Monk began the quest for the Orb.
     0 | D:1      | Reached XP level 1. HP: 18/18 MP: 1/1
   387 | D:1      | Reached XP level 2. HP: 22/24 MP: 2/2
   573 | D:1      | Reached skill level 4 in Unarmed Combat
   950 | D:1      | Reached XP level 3. HP: 29/29 MP: 3/3
  1825 | D:2      | Found a sparkling altar of Nemelex Xobeh.
  1929 | D:2      | Reached XP level 4. HP: 33/35 MP: 4/4
  2699 | D:3      | Found a glowing golden altar of the Shining One.
  2992 | D:3      | Reached skill level 5 in Unarmed Combat
  3048 | D:3      | Noticed chicagocrazy's ghost (amateur TrBe)
  3553 | D:2      | Reached XP level 5. HP: 26/41 MP: 5/5
  4205 | D:4      | Noticed an ogre
  4763 | D:4      | Found a radiant altar of Vehumet.
  4835 | D:4      | Killed an ogre
  5125 | D:4      | Noticed Esekla's ghost (weakling DgEn)
  5162 | D:4      | Killed Esekla's ghost
  5162 | D:4      | Reached skill level 6 in Unarmed Combat
  5599 | D:4      | Reached XP level 6. HP: 47/47 MP: 6/6
  6086 | D:5      | Entered Level 5 of the Dungeon
  6108 | D:5      | Found a white marble altar of Elyvilon.
  6122 | D:5      | Noticed an ice beast
  6450 | D:5      | Reached skill level 4 in Fighting
  6958 | D:5      | Found a staircase to the Ecumenical Temple.
  6999 | D:5      | Found a snail-covered altar of Cheibriados.
  7605 | D:6      | Found a burning altar of Makhleb.
  7644 | D:6      | Noticed an orc warrior
  7645 | D:6      | Noticed an orc warrior
  7666 | D:6      | Noticed a sky beast
  7789 | D:6      | Reached skill level 5 in Fighting
  7789 | D:6      | Reached XP level 7. HP: 16/56 MP: 7/7
  8090 | D:6      | Noticed Prince Ribbit
  9079 | D:4      | Reached skill level 6 in Fighting
  9334 | D:5      | Shot with an arrow by a centaur

Skill      XL: |  1  2  3  4  5  6  7 |
---------------+----------------------+-----
Unarmed Combat | 4 5 6 |  6.0
Fighting       | 5 6 |  6.0
Dodging        | |  2.4
Stealth        | |  1.5

Action                   |  1- 3 |  4- 6 |  7- 9 || total
-------------------------+-------+-------+-------++-------
Melee: Unarmed           |   120 |   364 |    60 ||   544
       Punch             |     3 |    11 |     1 ||    15
  Use: Scroll            |       |     8 |     2 ||    10
 Stab: Sleeping          |     4 |     3 |       ||     7
       Distracted        |       |       |     1 ||     1
Armor: Skin              |     9 |    38 |     5 ||    52
Dodge: Dodged            |    76 |   213 |    23 ||   312

Table legend:
 A = Turns spent in this place as a percentage of turns spent in the entire game.
 B = Non-inter-level travel turns spent in this place as a percentage of non-inter-level travel turns spent in the entire game.
 C = Inter-level travel turns spent in this place as a percentage of turns spent in this place.
 D = Turns resting spent in this place as a percentage of non-inter-level travel turns spent in this place.
 E = Turns spent auto-exploring this place as a percentage of non-inter-level travel turns spent in this place.
 F = Non-inter-level travel turns spent in this place divided by the number of levels of this place that you've seen.
                   A       B       C       D       E      F
               +-------+-------+-------+-------+-------+----------------------
         Total | 100.0 | 100.0 |   0.8 |   4.9 |   3.8 | 456.2
       Dungeon | 100.0 | 100.0 |   0.8 |   4.9 |   3.8 | 456.2
               +-------+-------+-------+-------+-------+----------------------

Table legend:
 A = Kills in this place as a percentage of kills in entire the game.
 B = Kills by you in this place as a percentage of kills by you in the entire game.
 C = Kills by friends in this place as a percentage of kills by friends in the entire game.
 D = Other kills in this place as a percentage of other kills in the entire game.
 E = Experience gained in this place as a percentage of experience gained in the entire game.
 F = Experience gained in this place divided by the number of levels of this place that you have seen.
                   A       B       C       D       E      F
               +-------+-------+-------+-------+-------+----------------------
         Total | 100.0 | 100.0 |  -nan |  -nan | 100.0 | 156.3
       Dungeon | 100.0 | 100.0 |  -nan |  -nan | 100.0 | 156.3
               +-------+-------+-------+-------+-------+----------------------
